[Event "57th Biel Festival MTO 2024"]
[White "Peycheva,Gergana"]
[Black "Holzke,Frank"]
[Site "Biel"]
[Round "3.17"]
[Annotator "TA"]
[Result "1/2-1/2"]
[Date "2024.07.17"]
[WhiteElo "2266"]
[BlackElo "2450"]
[PlyCount "135"]
[TimeControl "60"]

1. d4 d5 2. c4 c6 3. Nc3 Nf6 4. e3 Bf5 5. cxd5 cxd5 6. Qb3 Nc6 7. Qxb7 Bd7 8. Qb3 Rb8 {[%emt 0:0:28] The position is equal.} 9. Qd1 e5 10. dxe5 Nxe5 11. Be2 (11. Nxd5 Nxd5 12. Qxd5 Bb4+ 13. Bd2 Bxd2+ 14. Qxd2 Qf6 $15 )Bd6 12. Nf3 (12. Nxd5 $2 Nxd5 13. f4 (13. Qxd5 $2 Bc6 $19 )Qa5+ 14. Kf1 Ng6 $19 )Nxf3+ 13. Bxf3 Qc7 14. g3 O-O ({Black should play} 14... Bh3 $1 $11 )15. O-O $1 $14 Bh3 16. Re1 (16. Nxd5 Nxd5 17. Bxd5 Bxf1 18. Kxf1 g6 $17 )Rfd8 17. Qe2 (17. Bxd5 Bc5 $15 )(17. Nxd5 Nxd5 18. Bxd5 (18. Qxd5 $2 Be5 $19 )Bb4 $19 )(17. Qd3 $14 )Be5 $11 18. Rd1 Bxc3 19. bxc3 Ne4 (19... Qxc3 $5 20. Bd2 $8 Qb2 $17 )20. Bb2 Qe5 21. Rd4 {[%emt 0:6:22] aiming for Rad1.} Ng5 22. Bh1 Qf5 {[%emt 0:13:37][%cal Ob8b2] Strongly threatening ...Rxb2!} 23. f3 h5 24. Rad1 Qg6 25. c4 (25. Rxd5 $2 Rxd5 26. Rxd5 Qb1+ 27. Rd1 Qxb2 (27... Rxb2 $2 28. Rxb1 Rxe2 29. f4 $19 )28. Qxb2 Rxb2 $19 )(25. Ba3 $16 )Qa6 {[%emt 0:1:0] [#]} (25... Qb6 $11 26. Ba1 (26. Rxd5 $2 Rxd5 27. cxd5 Qxb2 $19 )dxc4 )26. Bc3 (26. Rxd5 $2 Rxd5 27. Rxd5 Qxa2 $19 )(26. R4d2 $142 $1 )Qa3 (26... Ne6 $16 27. Rxd5 Rxd5 28. Rxd5 Rb1+ 29. Be1 Nf8 )27. R4d3 (27. Rxd5 $2 Rxd5 28. cxd5 Qxc3 $19 )(27. Qd2 $18 )Qc5 28. Rxd5 ({Don't do} 28. cxd5 $6 Bf5 $16 )Rxd5 29. Rxd5 Rb1+ 30. Kf2 Be6 31. Rd8+ (31. Rxc5 $2 {is a self mate.} Nh3+ 32. Kg2 Rg1# )Kh7 {[%emt 0:0:3] ( -> ...Nh3+)} 32. Bg2 Qf5 33. Qd3 {[%emt 0:1:29] Prevents Ne4+.} Qxd3 34. Rxd3 Bxc4 (34... Nh3+ $16 {might work better.} 35. Bxh3 Bxh3 )35. Rd2 Ne6 36. Bh3 Kg6 {[%emt 0:1:23] Repels Bf5+} 37. e4 Rc1 {[%emt 0:1:32] [#]} 38. Be5 (38. Bb2 $1 $18 Rh1 39. Bg2 )f6 $16 39. Bb2 Rh1 40. Kg2 Re1 41. Bf5+ Kh6 $2 (41... Kf7 $16 )42. Rc2 Bd3 43. Bc3 Bxc2 44. Bxe1 $18 {[%emt 0:1:21][%mdl 4096] Endgame. KBB-KBN} Nd4 45. Bd2+ g5 46. Bd7 {[%emt 0:5:55] Black must now prevent Bc3.} Bd1 47. Bc3 Nxf3 48. Bxf6 {[%emt 0:0:34] Bc3 would now be deadly.} g4 (48... Nd2 {was worth a try.} 49. Bd4 (49. e5 Kg6 $16 )a5 )49. Bf5 Ne1+ 50. Kf2 Nf3 51. h4 gxh3 52. Bxh3 {[%emt 0:0:27] This pair of bishops is nice.} Kg6 53. Bg2 (53. Bc3 $18 )Nh2 (53... Kxf6 $16 54. Bxf3 Bc2 )54. Bd4 a6 55. a3 Kg5 56. Be3+ Kg4 57. Bc5 Nf3 (57... Bb3 $142 58. Bb6 Bd1 )58. Bd6 Nd2 59. e5 {[%emt 0:0:32] Ke3 is the strong threat.} Bc2 $2 (59... Bf3 $16 )60. e6 $2 (60. Ke3 $18 Nb3 61. Bf3+ Kg5 62. e6 )Ne4+ $14 61. Bxe4 Bxe4 {[%emt 0:0:11] KB-KB} 62. Ke3 Kf5 63. Kd4 Bc6 64. e7 Ke6 65. Bb4 Kd7 66. Kc5 Bb5 67. Kb6 Ke8 68. Ka5 {[%emt 0:0:17] Black defended with fortune.   Weighted Error Value: White=0.29 (precise) /Black=0.29 (precise) .  Loses game:     	---       	Black=2      Missed win:     	White=1     	---        Mistake:       	White=6     	Black=7      Inaccurate:     	White=3     	Black=2      OK:         	White=23    	Black=23     Best:        	White=2     	Black=10     Strong:       	White=1     	---} 1/2-1/2

[Event "57th Biel Festival MTO 2024"]
[White "Razafindratsima,Timothe"]
[Black "Toktomushev,Teimur"]
[Site "Biel"]
[Round "3.18"]
[Annotator "TA"]
[Result "1-0"]
[Date "2024.07.17"]
[WhiteElo "2445"]
[BlackElo "2300"]
[PlyCount "70"]
[TimeControl "60"]

1. e4 c5 2. Nf3 e6 3. d4 cxd4 4. Nxd4 a6 5. Be2 Nf6 6. Qd3 Nc6 7. O-O Qc7 (7... Nxd4 {is more complex.} 8. Qxd4 Qc7 9. Rd1 Bc5 )8. Nxc6 bxc6 {[%emt 0:14:2] White has an edge.} 9. c4 e5 (9... d5 $11 {remains equal.} )10. Nc3 $16 Be7 11. Kh1 O-O 12. f4 d6 13. Qg3 Kh8 14. Be3 exf4 15. Bxf4 {[%emt 0:0:29] aiming for c5.} Nd7 16. c5 Ne5 17. Rac1 Be6 {[%emt 0:2:27] [#] Prevents Nd5. A mistake that costs the game.} (17... f6 $14 )18. Nd5 $1 $18 Bxd5 19. exd5 $40 {[%emt 0:1:16][%mdl 128] Strongly threatening cxd6. Black is in trouble.} f6 20. cxd6 Bxd6 21. dxc6 Rab8 (21... g5 $16 )22. Qc3 (22. Bxa6 Rxb2 23. a4 Rb4 )Rb6 23. Bf3 Rb5 (23... Rb4 {keeps fighting.} )24. Rcd1 h6 (24... Qe7 $142 25. Be4 g6 )25. b3 Rc8 $2 (25... Rd8 26. Be4 Qe7 )26. Be4 Nf7 {[%emt 0:0:44] Black is weak on the light squares} 27. Qg3 (27. Bxd6 Nxd6 28. Bb1 (28. Bd5 a5 $18 )Re5 $18 )Bxf4 {[%emt 0:0:12] [#]} 28. Qg6 ({Less strong is} 28. Qxf4 Qxf4 29. Rxf4 Rbb8 $18 )(28. Rxf4 Re5 $18 )Ng5 {[%emt 0:0:22] Inhibits Qh7+.} ({Inferior is} 28... Bxh2 29. Qh7# )(28... f5 $142 )29. Rd7 Rg8 30. Rxc7 ({Not} 30. Bd5 $2 Rxd5 31. Rxd5 Qxc6 $19 )Bxc7 31. Bd3 {[%emt 0:0:13][%cal Oh2h4] And now h4! would win.} Rb4 32. g3 Rd8 33. Re1 {[%emt 0:0:45] White mates.} Be5 34. c7 Rc8 35. Bf5 Ra8 {[%emt 0:0:50] Weighted Error Value: White=0.10 (very precise) /Black=0.56.  Mistake:       	---       	Black=7      Inaccurate:     	White=3     	Black=1      OK:         	White=9     	Black=9      Best:        	White=2     	Black=1      Brilliant:      	White=1     	---} 1-0

[Event "57th Biel Festival MTO 2024"]
[White "Bommini Mounika Akshaya"]
[Black "Petkidis,Anthony"]
[Site "Biel"]
[Round "3.19"]
[Annotator "TA"]
[Result "0-1"]
[Date "2024.07.17"]
[WhiteElo "2140"]
[BlackElo "2427"]
[PlyCount "82"]
[TimeControl "60"]

1. d4 Nf6 2. c4 e6 3. Nc3 Bb4 4. e3 O-O 5. Bd2 d5 6. Nf3 b6 7. cxd5 exd5 8. Bd3 Bd6 9. O-O Bb7 10. Qb1 Na6 11. a3 c5 12. Ne5 {[%emt 0:13:41][%cal Ob2b4] The position is equal.} Nc7 13. f4 Ne6 14. Nf3 cxd4 15. Nxd4 Nc5 16. Be2 Nfe4 17. Nxe4 Nxe4 18. Be1 Bc5 19. Qd1 Rc8 20. b4 Be7 21. Bg4 Rc4 22. Be2 Rc8 (22... Rc7 $5 )23. Bg4 $1 Rc4 24. Be2 {[%emt 0:0:5] [#]} Bf6 25. Rc1 {[%emt 0:6:25] [#]} (25. Bxc4 $11 dxc4 26. Rc1 )Bxd4 $1 26. exd4 Rxc1 27. Qxc1 Qf6 28. Qb2 Bc8 29. b5 Bf5 30. Bb4 Rc8 {[%emt 0:0:12][%cal Oc8c2] Hoping for ...Rc2!} 31. Re1 $2 {[%emt 0:6:33][%mdl 8192] [#]} (31. Bd1 $17 {is a better chance.} )Qh4 $2 ({Black should play} 31... Rc2 $1 $19 32. Be7 (32. Qxc2 {gets mated.} Qxd4+ 33. Kh1 Nf2+ 34. Kg1 Nh3+ 35. Kh1 Qg1+ 36. Rxg1 Nf2# )Rxb2 33. Bxf6 Nxf6 (33... gxf6 $2 34. a4 $19 ))32. Rf1 $15 Nf6 {[%emt 0:0:16] And now ...Rc2 would win. Black has more active pieces.} 33. Be1 {[%emt 0:0:40] [#]} Qh6 {[%emt 0:0:8] ...Rc2 would now be deadly.} 34. Qb3 Be4 35. Bd2 Qg6 $40 {[%emt 0:1:41][%csl Ge4][%cal Rg6g2][%mdl 128] Black wants a kill.} 36. Rf2 (36. Qg3 $142 )Ng4 37. Bxg4 Qxg4 38. Be3 {[%emt 0:0:31] White is weak on the light squares} (38. f5 $17 )h5 $19 {[%emt 0:1:7] Threatens to win with ...h4.} 39. Qb4 $2 {[%emt 0:0:35] [#]} (39. a4 )Bxg2 $1 40. Rxg2 (40. Qd2 Be4+ )Qd1+ 41. Kf2 Rc2+ {[%emt 0:50:2] Weighted Error Value: White=0.64/Black=0.33.  Loses game:     	White=1     	---        Missed win:     	---       	Black=1      Mistake:       	White=4     	Black=1      Inaccurate:     	White=6     	Black=4      OK:         	White=3     	Black=12     Best:        	White=2     	---        Strong:       	White=1     	---        Brilliant:      	---       	Black=1} 0-1

[Event "57th Biel Festival MTO 2024"]
[White "Amartuvshin,Ganzorig"]
[Black "Nurman,Alua"]
[Site "Biel"]
[Round "3.20"]
[Annotator "TA"]
[Result "0-1"]
[Date "2024.07.17"]
[WhiteElo "2411"]
[BlackElo "2274"]
[PlyCount "120"]
[TimeControl "60"]

1. d4 Nf6 2. c4 e6 3. Nf3 d5 4. Nc3 Be7 5. Bf4 O-O 6. a3 b6 7. cxd5 Nxd5 8. Nxd5 exd5 9. e3 c5 10. dxc5 {[%emt 0:2:1] D37: Queen's Gambit Declined: 5 Bf4.} bxc5 11. Be2 Be6 12. O-O Qb6 13. Qc2 Nc6 14. Rac1 $146 ({Predecessor:} 14. Ng5 Bxg5 15. Bxg5 f6 16. Bf4 c4 17. Rad1 Rad8 18. Rfe1 Rf7 19. h4 Rfd7 20. h5 {½-½ Los,A (2330)-Krabbe,W (2320) GER-UKR email 2014 [28]} )Rac8 15. Bd3 h6 16. Qe2 (16. b3 $11 )Bf6 17. Ba6 {[%emt 0:1:9] [#]} c4 (17... Qxb2 18. Qxb2 (18. Rxc5 Qxe2 19. Bxe2 Ne5 $15 )Bxb2 19. Rxc5 (19. Bxc8 Rxc8 20. Rxc5 Bxa3 $16 )Bxa3 20. Bxc8 Rxc8 (20... Bxc5 $2 21. Bxe6 fxe6 22. Rc1 $18 )21. Rb5 $16 )({Black should try} 17... Rcd8 $1 $15 18. Qb5 Nb8 (18... Bxb2 19. Rxc5 Ne7 20. a4 $14 )19. Bxb8 Rxb8 20. Rxc5 Qd6 )18. Bxc8 $11 Rxc8 19. Rc2 Bf5 20. Rd2 $1 Bd3 21. Rxd3 $1 cxd3 22. Qxd3 Bxb2 23. h3 Qc5 24. a4 Qc4 25. Qb1 Qb4 26. Bd6 Qxd6 27. Qxb2 Qb4 28. Qa1 a5 (28... Re8 $11 )29. Rb1 $1 $16 Qe4 30. Rc1 $1 Ne7 31. Rd1 (31. Rxc8+ $16 Nxc8 32. Qc3 )Nc6 32. Nd2 Qc2 33. Nf3 Nb4 34. Nd4 Qe4 35. Qb2 Rc4 36. Qe2 Kh7 37. Nb3 Nc6 38. f3 Qe5 39. e4 Rxa4 (39... Nb4 $17 40. Rxd5 Qc3 )40. Rxd5 (40. Qb5 $5 Ra2 (40... dxe4 $2 41. Qxa4 exf3 42. Qxc6 $18 )41. Qxc6 $11 )Qc3 41. Rd3 ({White should play} 41. Qd3 $15 Qxd3 42. Rxd3 )Qc4 ({Better is} 41... Qb4 $17 42. e5 Ra3 )42. Nd2 $2 (42. Qe3 $1 $15 )Qc1+ $19 43. Kh2 {[%emt 0:0:0] [#]} Ne5 $1 44. Rd5 Qc7 (44... Ra2 $142 {[%cal Oa5a4] Hoping for ...a4!} 45. f4 Ng6 )45. f4 $17 Ng6 46. g3 (46. Qg4 $142 )Ra2 $17 47. e5 Qc1 (47... Qc2 $17 {And now ...a4 would win.} 48. h4 a4 )48. h4 $1 $11 Ne7 49. Rd7 Nf5 50. Qd3 Qc2 51. Qd5 (51. h5 {simplifies} Qxd3 52. Rxd3 g5 53. hxg6+ Kxg6 54. g4 )Qc3 52. Qxa2 Qxg3+ 53. Kh1 Qe1+ 54. Kg2 Nxh4+ 55. Kh3 Qh1+ 56. Kg4 $2 (56. Kg3 $11 Qe1+ 57. Kh2 (57. Kg4 h5+ 58. Kxh5 Qe2+ 59. Kxh4 Qh2+ 60. Kg4 Qg2+ 61. Kh4 Qh2+ 62. Kg4 Qg2+ 63. Kh4 Qh2+ $11 )Qe2+ 58. Kh3 Qg2+ 59. Kxh4 Qh2+ 60. Kg4 Qg2+ 61. Kh4 Qh2+ 62. Kg4 Qg2+ 63. Kh4 )h5+ $1 57. Kg5 Qg2+ 58. Kxh5 Ng6 (58... Nf3 $2 59. Nxf3 Qxf3+ (59... Qxa2 60. Ng5+ Kh8 61. Rd8# )(59... g6+ $2 60. Kh4 $19 )60. Kh4 (60. Kg5 $2 {is a self mate.} Qg3+ 61. Kh5 g6# )Qxf4+ 61. Kh3 Qf5+ (61... Qxe5 $2 {too greedy.} 62. Qxf7 Qe3+ 63. Kg2 $18 )62. Kg3 Qxd7 63. Qxa5 $19 )59. Rxf7 {[%emt 0:0:0] [#]} Qg3 $1 60. Nf3 Nxf4+ 0-1

[Event "57th Biel Festival MTO 2024"]
[White "Juksta,Karolis"]
[Black "Winkelman,Albert"]
[Site "Biel"]
[Round "3.21"]
[Annotator "TA"]
[Result "1-0"]
[Date "2024.07.17"]
[WhiteElo "2400"]
[BlackElo "2243"]
[PlyCount "211"]
[TimeControl "60"]

1. d4 Nf6 2. c4 e6 3. Nf3 d5 4. Nc3 Be7 5. cxd5 exd5 6. Bf4 O-O 7. e3 c5 8. dxc5 Bxc5 9. Be2 Nc6 10. O-O a6 11. Rc1 {[%emt 0:17:6] D37: Queen's Gambit Declined: 5 Bf4.} Ba7 12. Ne5 Ne7 13. Bf3 h6 14. Qb3 $146 ({Predecessor:} 14. Qe2 Be6 15. Rfd1 Qa5 16. h3 Rfd8 17. Bh2 Rac8 18. Nd3 Bf5 19. Nf4 Kf8 20. a3 {½-½ Timoscenko,G (2500)-Shabalov,A (2620) Nova Gorica op 04th 1999 (3)} )b5 15. Rfd1 Be6 16. Qa3 Re8 17. h3 Qb6 18. Ne2 b4 19. Qa4 Rac8 20. Nd4 Rxc1 21. Rxc1 Rc8 22. Rxc8+ Bxc8 23. g4 g5 24. Bg3 h5 25. gxh5 Bxh3 26. h6 Bb8 27. Bh5 Bxe5 28. Bxe5 Nd7 29. Bg3 Qxh6 30. Be2 Nf6 31. Qxa6 Qg6 32. Be5 Ne4 33. Qxg6+ Nxg6 34. Bc7 Bd7 35. Ba5 f5 36. Bxb4 f4 37. b3 fxe3 38. fxe3 Kf7 39. a4 Ne5 40. a5 Nc6 41. a6 Nxd4 42. exd4 Bc6 43. Bh5+ Ke6 44. Bg4+ Kf7 45. Bc8 Ke8 46. Bf5 Ng3 47. Bd3 (47. Bg4 $142 Ne4 48. Ba5 )Kd7 $18 48. Bc5 Ne4 49. b4 Nc3 50. Kf2 Kc7 51. Kg3 Bd7 52. Be7 (52. Kf3 $18 )Kb6 53. Bc5+ (53. Bxg5 $16 Bb5 54. Bg6 )Kc7 $1 $18 54. Kf3 Kc6 55. Bf1 Kc7 56. Ke3 Nb5 57. Bg2 Be6 58. Bf3 Kc6 59. Be2 Bd7 60. Kf3 Nc3 61. Bf1 Kc7 $1 62. Kg3 Ne4+ 63. Kh2 Nc3 64. Bh3 (64. Bd3 $18 )Bb5 $16 65. a7 Bc6 66. Be6 Kb7 67. Kg3 Nb5 68. Kg4 Nxa7 69. Kxg5 Nb5 70. Kf6 Nc3 71. Ke5 Ka6 72. Be7 (72. Kd6 $16 Kb5 73. Bh3 )Kb5 $1 $14 73. Bh3 Kb6 ({Black should try} 73... Be8 $14 )74. Bc5+ Kc7 75. Bf1 Be8 76. Be7 Kc6 77. Bh4 Bf7 78. Be1 Nb5 79. Bg2 Nd6 80. Kf6 Bg8 81. Bg3 (81. Bf1 $16 )Nb5 (81... Ne4+ $11 {keeps the balance.} 82. Bxe4 dxe4 )82. Be5 ({White should play} 82. Bf2 $16 )Nc3 83. Bf1 Bh7 84. Ke7 (84. Bf4 $16 )Bf5 $14 85. Kd8 Na2 86. b5+ Kb7 87. Bd6 Nc3 88. Bb4 Na4 (88... Ne4 $14 )89. Bc5 (89. Be2 $16 )Be4 $2 (89... Nc3 $14 )90. Bh3 $1 Nb6 91. Bg4 $2 (91. Bxb6 $1 {mates} Kxb6 92. Bd7 Bd3 93. Ke7 Bc4 94. Kd6 Bb3 95. Be8 Ba2 96. Bc6 )Bd3 $11 92. Be6 Bxb5 93. Bxb6 Kxb6 94. Bxd5 Bc6 95. Be6 Kb7 96. Bc8+ Kb8 97. Ba6 Bh1 98. Kd7 Bg2 99. Kd6 (99. Bc4 $1 $14 )Bf3 (99... Be4 $1 $11 )100. Bb5 $1 $14 Kc8 101. Bc6 $1 Bg4 $2 {[%emt 0:5:53][%mdl 8192] [#]} (101... Bd1 $1 $11 {and Black has nothing to worry.} )102. Ke7 $1 $18 Bd1 $2 (102... Kb8 $18 103. Be4 Ka7 )103. d5 Bf3 {[%emt 0:0:28] [#]} 104. Bd7+ $1 Kc7 105. d6+ Kb6 106. Be8 1-0

[Event "57th Biel Festival MTO 2024"]
[White "Munkhzul,Turmunkh"]
[Black "Tahay,Alexis"]
[Site "Biel"]
[Round "3.22"]
[Annotator "RC"]
[Result "0-1"]
[Date "2024.07.17"]
[WhiteElo "2232"]
[BlackElo "2375"]
[PlyCount "162"]
[TimeControl "60"]

1. e4 c5 2. Nf3 d6 3. d4 cxd4 4. Nxd4 Nf6 5. Nc3 a6 6. Be2 e6 7. O-O Be7 8. f4 O-O 9. Be3 Nc6 10. a4 Bd7 11. Qe1 e5 12. Nb3 Nb4 13. Qd2 Bc6 14. Bf3 exf4 15. Bxf4 d5 16. e5 Ne4 17. Qe2 Ng5 18. Bg4 Ne6 19. Bxe6 fxe6 20. Rad1 Bd7 21. Qd2 Qe8 22. Ne4 Bxa4 23. Nd6 Bxd6 24. exd6 Bxb3 25. Qxb4 Bxc2 26. Rd2 Ba4 27. Qxb7 Bb5 28. Rff2 Rf7 29. Qb6 e5 30. Bg3 Rxf2 31. Qxf2 Qe6 32. Qc5 Bc4 33. Qe3 Re8 34. b3 Bb5 35. Qc5 d4 36. h3 Qxb3 37. Kh2 Qe6 38. Rd1 d3 39. Re1 e4 40. Qe3 Qd5 41. Rc1 d2 42. Rd1 Qd3 43. Bf4 Qxe3 44. Bxe3 Kf7 45. Rxd2 Ke6 46. Rd4 Ke5 47. Kg3 Rd8 48. Rb4 Rd7 49. Bb6 Bd3 50. Kf2 Kxd6 51. Bd4 Kc6 52. Ke3 Kd5 53. Rb8 g6 54. Rc8 Rb7 55. Rc5+ Kd6 56. h4 Rb2 57. Rg5 Re2+ 58. Kf4 Ke6 59. h5 gxh5 60. Rxh5 Rxg2 61. Rxh7 Kd5 62. Be3 Rg8 63. Rd7+ Ke6 64. Rd4 Rf8+ 65. Kg4 Ke5 66. Rd7 Rg8+ 67. Kh4 Ra8 68. Kg3 a5 69. Kf2 a4 70. Ra7 Rxa7 71. Bxa7 Kd5 72. Ke3 a3 73. Bd4 Kc4 74. Be5 Kb3 75. Kd2 Ka2 76. Kc1 e3 77. Bg3 Kb3 78. Bh4 e2 79. Kd2 Bc4 80. Be7 Kb2 81. Bf6+ Kb1 0-1

[Event "57th Biel Festival MTO 2024"]
[White "Kalogridis,Antonios"]
[Black "Follesa,Enrico"]
[Site "Biel"]
[Round "3.23"]
[Annotator "RC"]
[Result "1-0"]
[Date "2024.07.17"]
[WhiteElo "2391"]
[BlackElo "2241"]
[PlyCount "89"]
[TimeControl "60"]

1. d4 Nf6 2. c4 e6 3. Bf4 d5 4. cxd5 exd5 5. e3 Bd6 6. Bxd6 Qxd6 7. Bd3 O-O 8. Nc3 b6 9. Nf3 Bb7 10. O-O c5 11. dxc5 bxc5 12. Rc1 Nbd7 13. Re1 Rfe8 14. b4 Rac8 15. bxc5 Nxc5 16. Bf5 Rcd8 17. Qd4 a6 18. Nb5 axb5 19. Rxc5 Qa6 20. Bd3 Qa3 21. Rc7 Ba6 22. Ra7 Rb8 23. Rb1 Rec8 24. Bf1 Rb7 25. Rxb7 Bxb7 26. Rxb5 Bc6 27. Qb2 Qd6 28. Rb6 Nd7 29. Rb4 Nc5 30. Qe5 Qf8 31. Rb1 Nd7 32. Qf5 g6 33. Qd3 Ra8 34. Qc3 Qd6 35. Nd4 Rc8 36. Qb4 Qf6 37. Rc1 Rb8 38. Qa3 Bb7 39. Rc7 Bc8 40. Qc1 Nb6 41. Nc6 Ra8 42. Ne7+ Kf8 43. Nxc8 Nc4 44. Bxc4 dxc4 45. Qxc4 1-0

[Event "57th Biel Festival MTO 2024"]
[White "Sethuraman,S.P."]
[Black "Smirnov,Mark"]
[Site "Biel"]
[Round "3.24"]
[Annotator "TA"]
[Result "1-0"]
[Date "2024.07.17"]
[WhiteElo "2587"]
[BlackElo "2203"]
[PlyCount "49"]
[TimeControl "60"]

1. e4 e5 2. Nf3 Nf6 3. Nxe5 d6 4. Nf3 Nxe4 5. Nc3 Nxc3 6. dxc3 Be7 7. Be3 Nd7 8. Qd2 O-O 9. O-O-O Nf6 10. h4 {[%emt 0:6:14] Die Stellung ist ausgeglichen.} Bg4 11. Be2 d5 12. Ng5 Bxe2 13. Qxe2 Qd7 14. f3 Rfe8 {[%emt 0:13:3][%cal Oe7c5] Weiss sollte ...Bc5! verhindern.} 15. Qd3 (15. Qd2 $5 )Bd6 16. Kb1 Re7 17. g4 Rae8 18. Bd4 {[%emt 0:1:19][%cal Od4f6] [#] Bxf6! wäre nun fies.} (18. Bxa7 $2 b6 19. Qa6 Ra8 $19 )Be5 19. Bf2 (19. Bc5 $5 Bd6 $8 20. Bd4 $11 (20. Bxa7 $2 {geht unter.} b6 $19 ))b6 20. Nh3 (20. a3 $5 )c6 21. h5 Qd6 22. Bh4 Bf4 23. h6 {[%emt 0:9:9] [#] Und hxg7 würde nun gewinnen.} Re3 $1 (23... Bxh6 $2 {verliert.} 24. g5 $18 )24. Qf5 Bg3 $2 ({Ein No Go ist} 24... Bxh6 $6 25. g5 g6 26. Qxf6 $14 )(24... Rxf3 $11 25. Bg5 Bxg5 26. Qxf3 gxh6 )25. Qg5 {[%emt 0:1:29] Gewichteter Fehlerwert: Weiß=0.08 (makellos) /Schwarz=0.30.  Verlustzug:     	---       	Schwarz=1     Ungenau:       	Weiß=2     	Schwarz=1     OK:         	Weiß=5     	Schwarz=8     Bester:       	Weiß=1     	---        Stark:        	---       	Schwarz=1} 1-0

[Event "57th Biel Festival MTO 2024"]
[White "Rappazzo,Johannes"]
[Black "Gavrilescu,David"]
[Site "Biel"]
[Round "3.25"]
[Annotator "TA"]
[Result "0-1"]
[Date "2024.07.17"]
[WhiteElo "2169"]
[BlackElo "2538"]
[PlyCount "80"]
[TimeControl "60"]

1. e4 c6 2. Nc3 d5 3. Nf3 Bg4 4. h3 Bxf3 5. Qxf3 e6 6. g3 Nf6 7. Bg2 Bb4 8. e5 Nfd7 9. Qg4 Bf8 10. f4 {[%emt 0:1:21] The position is equal.} h5 11. Qe2 c5 12. O-O Nc6 13. d3 Nd4 14. Qd1 Be7 15. Nb1 (15. Ne2 $11 )Qc7 16. Be3 Nf5 17. Bf2 (17. Qe1 $1 $15 )g5 $17 {[%emt 0:2:19] Black is more active.} 18. c4 dxc4 19. dxc4 gxf4 (19... O-O-O $1 $17 {And now ...gxf4 would win.} 20. Qf3 h4 )20. gxf4 $15 Rg8 21. Qf3 (21. Nc3 $2 Qc6 22. Nd5 Nb6 $19 (22... exd5 $2 23. cxd5 Qg6 24. Qf3 $17 ))Bh4 (21... Nd4 $15 22. Bxd4 cxd4 )22. Nc3 $14 a6 {[%emt 0:15:56] Wards off Nb5} 23. Ne4 Bxf2+ 24. Qxf2 O-O-O {[%emt 0:1:2] [#]} 25. b4 Rg7 {[%emt 0:8:26] ...Rdg8 would now be deadly.} 26. Rab1 $2 {[%emt 0:5:44] White does not recover from this.} ({White should play} 26. Kh2 $15 cxb4 27. Rab1 )Rdg8 $19 27. Ng5 {[%emt 0:0:8] [#]} Nxe5 $1 28. bxc5 (28. Qxc5 $142 Ng3 (28... Nxc4 $2 29. Qxc7+ Kxc7 30. Rfc1 $19 )29. Qxc7+ Kxc7 30. Rf2 )Nd3 (28... Nxc4 $2 29. Rxb7 (29. Bxb7+ Kd8 $16 )Qxb7 30. Bxb7+ Kxb7 31. Rb1+ Kc6 32. Qf3+ Kxc5 33. Rc1 $18 (33. Qxh5 f6 $11 ))29. Qf3 Nxc5 {[%emt 0:0:8] Excellent horsemanship.} ({And not} 29... Qxc5+ 30. Kh2 f6 31. Rxb7 (31. Qxd3 fxg5 32. Qe4 Re8 $17 )fxg5 32. Rfb1 $11 (32. Rxg7 Rxg7 33. Qxd3 Ne3 $11 ))30. Qc3 {[%emt 0:1:4] Repels f6} Rg6 {[%emt 0:1:53] Hoping for ...f6.} 31. Bxb7+ Nxb7 32. c5 Rxg5+ 33. fxg5 Rxg5+ 34. Kf2 Qf4+ 35. Ke1 Qe4+ 36. Kd2 Rg2+ 37. Kc1 Nd4 {[%emt 0:0:4] Black is clearly winning.} 38. Rb2 {[%emt 0:1:11] Repels Rc2+} Ne2+ ({Weaker is} 38... Rc2+ 39. Rxc2 Nxc2 40. Qxc2 $16 )39. Rxe2 Rxe2 40. Qh8+ Nd8 {[%emt 0:0:4] Weighted Error Value: White=0.98/Black=0.26 (precise) .  Loses game:     	White=1     	---        Mistake:       	White=4     	Black=2      Inaccurate:     	White=3     	---        OK:         	White=7     	Black=8      Best:        	White=1     	Black=3      Strong:       	---       	Black=1} 0-1

[Event "57th Biel Festival MTO 2024"]
[White "Kamber,Bruno"]
[Black "Ansat,Aldiyar"]
[Site "Biel"]
[Round "3.26"]
[Annotator "TA"]
[Result "0-1"]
[Date "2024.07.17"]
[WhiteElo "2188"]
[BlackElo "2437"]
[PlyCount "118"]
[TimeControl "60"]

1. e4 c5 2. Nf3 Nc6 3. Bb5 e6 4. O-O Nge7 5. d4 cxd4 6. Nxd4 Ng6 {[%emt 0:0:26] B30: Sicilian: 2...Nc6 3 Bb5, lines without ...g6.} 7. Be2 Be7 8. Nxc6 $146 ({Predecessor:} 8. c4 O-O 9. Nc3 b6 10. Be3 Bb7 11. Nb3 Qc7 12. Rc1 Rad8 13. f4 Qb8 14. g3 {0-1 Anand,V (2756)-Gelfand,B (2668) Leon 35th rapid 2022 (2.2)} )bxc6 9. c4 O-O 10. Nc3 Rb8 11. Rb1 Bb7 12. Be3 c5 13. f4 f5 14. e5 d6 15. exd6 Bxd6 16. Nb5 Be7 17. Qxd8 Rfxd8 18. Rfd1 a6 19. Rxd8+ Rxd8 20. Nc3 e5 21. fxe5 f4 22. Bf2 Nxe5 23. Nd5 Bxd5 24. cxd5 Rxd5 25. Bxa6 c4 26. b3 c3 27. Rc1 Bb4 28. a3 (28. Be2 $11 )Bxa3 $15 29. Rxc3 Rd1+ 30. Bf1 Ng4 31. h3 Ne3 $1 32. Rxe3 (32. Bxe3 fxe3 33. Rc8+ (33. Rxe3 $2 Bc5 $19 )Bf8 $19 )fxe3 33. Bxe3 Bc1 34. Bf2 Bb2 35. g3 (35. Bc5 $17 {was necessary.} )Kf7 $1 $19 36. Kg2 Bd4 $1 37. Bxd4 Rxd4 38. h4 Kf6 39. Kf3 Rd2 (39... Ke5 $19 {and Black stays clearly on top. White must now prevent ...Rd1.} 40. Ke3 Rg4 )40. Bc4 $2 {[%emt 0:0:16] [#]} (40. Ke4 $17 )Ke5 $1 $19 41. Bg8 h6 42. Bc4 Rc2 43. Kg4 $2 (43. Bf7 )Rc3 (43... Ke4 $142 {Strongly threatening ...Rc3.} 44. Kh5 Kf3 )44. Bf7 $19 Ke4 45. Bc4 $2 (45. b4 $17 )h5+ $19 46. Kxh5 Rxg3 47. b4 Kf5 48. Bf7 Kf6 (48... Rg4 49. Be6+ Kxe6 50. Kxg4 Kf6 51. h5 Ke7 52. Kg5 Kf7 53. b5 )49. Be8 Re3 (49... g6+ $142 50. Kh6 Rg4 51. h5 g5 (51... Rxb4 52. Bxg6 Rb8 53. Kh7 $11 )52. Kh7 Re4 (52... Rxb4 {leads to mate.} 53. Bc6 Rh4 54. Kh6 g4 55. Bg2 g3 56. Bf3 Rh2 57. Be4 g2 58. Bxg2 Rxg2 59. Kh7 Rf2 60. Kh8 Rh2 61. Kh7 Rxh5+ 62. Kg8 Rh6 63. Kf8 Rh8# )53. Bc6 Rxb4 54. Kg8 Rb8+ 55. Kh7 Rb6 56. Bf3 Rb4 57. Be2 g4 58. Kg8 g3 59. Bf3 Rb8+ 60. Kh7 Rb5 61. h6 Rh5 62. Bxh5 g2 63. Bg6 g1=Q (63... g1=R 64. Be4 $11 )64. Bh5 Qg2 65. Kh8 Qh2 66. Kh7 Qxh5 67. Kg8 Qg6+ 68. Kh8 Qxh6+ 69. Kg8 Qg7# )50. Bc6 $19 {[%emt 0:1:33] [#]} Rc3 $1 51. Be4 Rc4 (51... Rg3 $142 52. Bc2 g6+ 53. Kh6 Rh3 54. Kh7 Rxh4+ 55. Kg8 Rxb4 56. Bd1 g5 57. Kh8 g4 58. Kg8 g3 59. Bf3 g2 (59... Kg6 {is a self mate.} 60. Kf8 Rf4+ 61. Ke7 Rxf3 62. Kd7 g2 63. Kd6 g1=Q 64. Kd5 Rc3 65. Ke6 Qd4 66. Ke7 Re3+ 67. Kf8 Qh8# )60. Bxg2 Rg4+ 61. Kh8 Rxg2 62. Kh7 Rh2+ 63. Kg8 Rh6 64. Kf8 Rh8# )52. Bd3 Rxb4 (52... Rd4 $142 53. Bb1 Rxb4 )53. Bc2 $19 Rd4 54. Bb1 Rd1 55. Bc2 Rg1 56. Bd3 Ke5 57. Bc2 Kf4 58. Bd3 Rd1 59. Bc2 Rd6 0-1